Map: Newkirk Precinct TE (Void)

Players

BluePanda - Winner!

  • Race: Protoss Protoss
  • League: Silver
  • Spawn Location: 5:00

BIGFLLA

  • Race: Protoss Protoss
  • League: Silver
  • Spawn Location: 7:00

VOD

Have the link to the VOD?

Description

Time

  • Played on: March 21, 2017, 4:05 a.m.
  • Length: 16:51
Show
View Real Time Build Order
Export as new Build Order

BluePanda Protoss - Winner!

Build Orders:  

Get SALT Encoding   

  12  0:01  Probe (Chrono Boost)  
  13  0:14  Pylon  
  13  0:18  Probe (Chrono Boost)  
  14  0:29  Probe (Chrono Boost)  
  15  0:37  Gateway  
  15  0:40  Probe (Chrono Boost)  
  16  0:54  Assimilator  
  16  0:56  Probe (Chrono Boost)  
  17  1:04  Pylon  
  17  1:06  Probe (Chrono Boost)  
  18  1:13  Gateway  
  18  1:17  Probe (Chrono Boost)  
  19  1:28  Cybernetics Core  
  19  1:31  Assimilator  
  19  1:39  Probe (Chrono Boost)  
  20  1:43  Zealot  
  22  1:49  Probe (Chrono Boost)  
  23  1:56  Warp Gate  
  23  2:11  Robotics Facility  
  23  2:12  Probe (Chrono Boost)  
  24  2:19  Pylon  
  24  2:24  Probe (Chrono Boost)  
  24  2:29  Sentry  
  27  2:33  Zealot  
  29  2:42  Probe (Chrono Boost)  
  30  2:54  Probe (Chrono Boost)  
  31  3:01  Immortal  
  35  3:12  Gateway  
  35  3:17  Probe (Chrono Boost)  
  36  3:34  Pylon  
  36  3:49  Nexus  
  36  3:53  Pylon  
  36  3:57  Immortal  
  40  4:22  Twilight Council  
  40  4:24  Pylon  
  40  4:33  Observer  
  40  4:36  Forge  
  41  4:39  Pylon  
  41  4:43  Stalker  
  41  4:44  Sentry  
  45  4:52  Observer  
  45  4:57  Protoss Ground Weapons Level 1, Stalker  
  48  5:02  Probe (Chrono Boost)  
  48  5:03  Probe (Chrono Boost)  
  52  5:14  Probe (Chrono Boost)  
  52  5:15  Probe (Chrono Boost)  
  52  5:20  Immortal  
  56  5:35  Blink  
  56  5:38  Zealot  
  59  5:43  Probe (Chrono Boost)  
  59  5:54  Immortal  
  62  6:05  Zealot x3  
  68  6:15  Probe (Chrono Boost)  
  68  6:17  Assimilator  
  69  6:22  Assimilator  
  69  6:23  Probe (Chrono Boost)  
  70  6:26  Sentry  
  70  6:27  Probe (Chrono Boost), Sentry  
  75  6:36  Probe (Chrono Boost)  
  75  6:39  Probe (Chrono Boost)  
  77  6:52  Probe (Chrono Boost)  
  79  6:55  Probe (Chrono Boost)  
  79  7:04  Probe (Chrono Boost)  
  79  7:07  Probe (Chrono Boost)  
  82  7:16  Probe (Chrono Boost)  
  82  7:19  Probe (Chrono Boost)  
  83  7:28  Probe (Chrono Boost)  
  75  7:31  Probe (Chrono Boost)  
  53  8:11  Nexus  
  49  8:13  Pylon  
  49  8:15  Pylon  
  49  8:17  Pylon x2  
  49  8:21  Pylon  
  49  8:24  Robotics Facility  
  49  8:25  Immortal  
  49  8:27  Robotics Bay  
  49  8:29  Templar Archives  
  49  8:33  Stalker  
  55  8:34  Stalker  
  55  8:36  Stalker  
  55  8:38  Protoss Shields Level 1  
  59  8:59  Stalker, Immortal  
  59  9:00  Stalker x2  
  65  9:04  Extended Thermal Lance  
  69  9:20  Colossus  
  75  9:32  Probe (Chrono Boost)  
  75  9:33  Warp Prism  
  76  9:42  Probe (Chrono Boost)  
  79  9:50  Assimilator  
  80  9:53  Probe (Chrono Boost)  
  80  9:54  Assimilator  
  80  10:04  Probe (Chrono Boost)  
  81  10:10  Colossus  
  81  10:13  Colossus  
  81  10:16  Probe (Chrono Boost)  
  94  10:21  Protoss Ground Weapons Level 2  
  95  10:28  Probe (Chrono Boost)  
  95  10:38  Gateway  
  95  10:40  Probe (Chrono Boost)  
  95  10:42  Gateway  
  96  10:44  Gateway  
  96  10:49  Stalker  
  98  10:50  Pylon, Stalker x2  
  98  10:53  Pylon, Probe (Chrono Boost)  
  98  10:55  Forge  
  104  11:05  Probe (Chrono Boost), Colossus  
  110  11:12  Protoss Shields Level 2  
  110  11:14  Colossus  
  111  11:47  Mothership Core (Chrono Boost)  
  111  11:51  Colossus  
  111  11:58  Nexus  
  111  12:00  Pylon  
  117  12:02  High Templar x4, Pylon  
  117  12:04  High Templar  
  117  12:05  Assimilator  
  127  12:10  Psionic Storm  
  127  12:11  Assimilator  
  127  12:16  Immortal  
  131  12:37  Protoss Ground Armor Level 1  
  131  12:43  Stalker x3  
  131  12:44  Stalker x2, Immortal  
  139  12:47  Stalker  
  147  13:15  Probe (Chrono Boost)  
  148  13:25  Probe (Chrono Boost)  
  149  13:36  Probe (Chrono Boost)  
  126  14:07  Archon  
  126  14:22  Nexus  
  126  14:24  Pylon  
  126  14:27  Pylon  
  74  15:05  Stalker  
  74  15:06  Stalker x4  
  84  15:07  Stalker  
  84  15:13  Nexus  
  86  15:18  Pylon  
  86  15:20  Pylon  
  86  15:23  Pylon  
  86  15:30  Stalker x2  
  86  15:31  Stalker x4  
  99  15:36  Probe (Chrono Boost)  
  99  15:45  Photon Cannon  
  99  15:48  Probe (Chrono Boost), Photon Cannon  
  100  15:51  Photon Cannon x2  
  100  15:55  Photon Cannon  
  100  15:57  Photon Cannon  
  100  15:58  Photon Cannon  
  100  15:59  Photon Cannon  
  100  16:00  Probe (Chrono Boost)  
  100  16:01  Photon Cannon  
  102  16:12  Probe (Chrono Boost)  
  102  16:17  High Templar x2  
  102  16:18  High Templar x4  
  112  16:23  Archon  
  112  16:24  Probe (Chrono Boost), Archon  
  112  16:25  Archon  
Show
View Real Time Build Order
Export as new Build Order

BIGFLLA Protoss 

Build Orders:  

Get SALT Encoding   

  12  0:01  Probe (Chrono Boost)  
  13  0:11  Probe (Chrono Boost)  
  14  0:20  Pylon  
  14  0:26  Probe (Chrono Boost)  
  15  0:38  Probe (Chrono Boost)  
  16  0:42  Gateway  
  16  0:49  Probe (Chrono Boost)  
  17  0:52  Assimilator  
  17  1:00  Probe (Chrono Boost)  
  18  1:10  Probe (Chrono Boost)  
  19  1:21  Probe (Chrono Boost)  
  19  1:24  Assimilator  
  20  1:33  Cybernetics Core  
  20  1:35  Pylon  
  20  1:42  Gateway  
  20  1:53  Probe (Chrono Boost)  
  21  2:04  Probe (Chrono Boost)  
  22  2:16  Nexus  
  22  2:19  Probe (Chrono Boost)  
  23  2:24  Warp Gate  
  24  2:30  Probe (Chrono Boost)  
  24  2:40  Probe (Chrono Boost)  
  25  2:51  Probe (Chrono Boost)  
  26  2:52  Pylon  
  26  2:57  Stalker  
  28  2:59  Stalker  
  30  3:10  Pylon  
  30  3:17  Probe (Chrono Boost)  
  31  3:21  Assimilator  
  31  3:31  Pylon  
  31  3:32  Probe x2 (Chrono Boost)  
  33  3:43  Mothership Core (Chrono Boost)  
  34  3:51  Probe (Chrono Boost)  
  34  3:54  Stalker  
  34  3:55  Stalker  
  39  4:12  Robotics Facility  
  39  4:25  Sentry x2  
  43  4:31  Robotics Facility  
  43  4:38  Pylon  
  43  4:42  Probe (Chrono Boost)  
  43  4:43  Probe (Chrono Boost)  
  45  4:51  Sentry x2  
  49  5:06  Probe (Chrono Boost)  
  49  5:07  Observer, Probe (Chrono Boost)  
  52  5:17  Stalker x2  
  56  5:25  Observer  
  56  5:26  Observer, Probe (Chrono Boost), Forge  
  56  5:27  Probe (Chrono Boost)  
  60  5:44  Observer x2  
  60  5:47  Stalker x2  
  60  5:48  Probe x2 (Chrono Boost)  
  68  6:00  Probe x2 (Chrono Boost), Immortal  
  76  6:12  Probe (Chrono Boost)  
  76  6:13  Probe (Chrono Boost)  
  76  6:14  Assimilator  
  76  6:19  Protoss Ground Armor Level 1  
  76  6:24  Probe (Chrono Boost)  
  76  6:25  Probe (Chrono Boost)  
  78  6:27  Pylon  
  78  6:31  Pylon  
  78  6:39  Photon Cannon  
  78  6:40  Immortal  
  78  6:41  Immortal  
  78  6:45  Photon Cannon  
  86  7:04  Nexus  
  86  7:13  Stalker  
  86  7:14  Stalker, Immortal  
  60  7:51  Sentry, Immortal  
  59  7:52  Stalker  
  59  7:56  Immortal  
  61  8:13  Protoss Ground Weapons Level 1  
  61  8:17  Adept  
  63  8:22  Stalker  
  63  8:25  Immortal  
  69  8:37  Assimilator  
  69  8:42  Assimilator  
  69  8:44  Zealot  
  69  8:47  Nexus  
  71  8:52  Zealot  
  73  8:59  Probe (Chrono Boost)  
  73  9:00  Probe (Chrono Boost)  
  75  9:03  Observer  
  76  9:11  Zealot  
  78  9:19  Zealot  
  80  9:39  Zealot  
  80  9:42  Probe (Chrono Boost)  
  80  9:43  Probe (Chrono Boost)  
  84  9:54  Immortal  
  84  9:56  Probe (Chrono Boost)  
  84  9:59  Immortal  
  93  10:02  Pylon  
  93  10:14  Protoss Shields Level 1  
  93  10:28  Immortal  
  93  10:29  Twilight Council, Probe x2 (Chrono Boost)  
  93  10:30  Probe (Chrono Boost)  
  93  10:33  Immortal  
  93  10:34  Zealot x2  
  108  11:01  Zealot  
  108  11:25  Pylon  
  108  11:27  Pylon  
  108  11:30  Forge  
  108  11:43  Zealot  
  108  11:45  Immortal  
  108  11:46  Immortal  
  108  11:47  Charge  
  118  11:58  Pylon  
  118  12:00  Pylon  
  118  12:03  Pylon  
  118  12:05  Pylon  
  118  12:18  Protoss Ground Armor Level 2, Protoss Ground Weapons Level 2  
  118  12:19  Immortal  
  118  12:20  Immortal  
  124  12:54  Immortal x2  
  124  13:04  Zealot x2  
  136  13:13  Nexus  
  136  13:17  Assimilator  
  136  13:23  Assimilator  
  136  13:26  Pylon  
  136  13:28  Immortal x2  
  136  13:30  Pylon  
  136  13:32  Sentry x2  
  136  14:01  Stalker x2  
  136  14:02  Immortal x2  
  110  14:30  Stalker  
  114  14:31  Sentry  
  114  14:36  Immortal x2  
  76  14:57  Sentry  
  70  15:00  Stalker  
  72  15:10  Immortal x2  
  72  15:20  Probe x2 (Chrono Boost)  
  84  15:21  Probe x2 (Chrono Boost)  
  84  15:23  Stalker  
  86  15:30  Stalker  
  88  15:44  Immortal  
  88  15:45  Immortal  
  96  15:54  Zealot  
  98  15:58  Templar Archives  
  98  16:00  Zealot  
Tags
 
Matchup
PvP
Replay Pack
3.21
Spawn Locations
Close Positions
Add a new tag
Caveats
  • Supply blocks, unpowered buildings, or Contaminate may cause inaccurate times.
  • Supply counts are checked every 10 seconds.